 Dungeon Crawl Stone Soup version 0.31-a0-1540-g5a0b83f448 (webtiles) character file.

Game seed: 4265067336202576345

503 dialectric the Trooper (level 6, -2/56 HPs)
             Began as a Minotaur Delver on Jan 1, 2024.
             Was a Believer of Qazlal.
             Incinerated by a bombardier beetle (7 damage)
             ... with a burning spray
             ... on level 4 of the Dungeon.
             The game lasted 00:04:57 (3352 turns).

dialectric the Trooper (Minotaur Delver)            Turns: 3352, Time: 00:04:58

Health: -2/56      AC:  3    Str: 19    XL:     6   Next: 96%
Magic:  5/5        EV: 13    Int:  7    God:    Qazlal [**....]
Gold:   115        SH:  2    Dex: 11    Spells: 5/5 levels left

rFire   . . .        a - +0 mace
rCold   . . .        (no shield)
rNeg    . . .        b - +0 leather armour
rPois   +            (helmet restricted)
rElec   .            (no cloak)
rCorr   .            (no gloves)
SInv    .            (no boots)
Will    .....        i - amulet of faith
Stlth   +            o - ring of poison resistance
HPRegen 0.29/turn    m - ring of flight
MPRegen 0.09/turn

%: faith
@: on fire, flying, glowing
A: horns 2, retaliatory headbutt
a: Renounce Religion, Upheaval


You were on level 4 of the Dungeon.
You worshipped Qazlal.
Qazlal was pleased with you.
You visited 2 branches of the dungeon, and saw 6 of its levels.

You collected 219 gold pieces.
You spent 104 gold pieces at shops.

Inventory:

Hand Weapons
 a - a +0 mace (weapon)
Missiles
 q - 4 poisoned darts
Armour
 b - a +0 leather armour (worn)
 h - the +1 robe of Fortification {-Tele rC+++ Str+4 Int-2}
   (You found it on level 5 of the Dungeon)

   Str+4:     It affects your strength (+4).
   Int-2:     It affects your intelligence (-2).
   rC+++:     It renders you almost immune to cold.
   -Tele:     It prevents most forms of teleportation.
Jewellery
 i - an amulet of faith (around neck)
 m - a ring of flight (right hand)
 o - a ring of poison resistance (left hand)
Wands
 g - a wand of digging (3)
 x - a wand of charming (5)
Scrolls
 c - 2 scrolls of fog
 d - a scroll of revelation
 e - a scroll of torment {unknown}
 j - 3 scrolls of noise {unknown}
 n - a scroll of enchant weapon {unknown}
 p - 4 scrolls of teleportation {unknown}
 s - 2 scrolls of brand weapon {unknown}
 t - 5 scrolls of identify {unknown}
 u - a scroll of blinking {unknown}
 v - a scroll of butterflies {unknown}
 w - a scroll of fear
Potions
 f - a potion of haste
 k - 3 potions of heal wounds
 l - a potion of cancellation {unknown}
 r - a potion of might {unknown}


   Skills:
 + Level 5.5 Fighting
 + Level 4.7 Maces & Flails
 + Level 3.7 Armour
 * Level 4.8 Dodging
 - Level 4.2 Stealth


You had 5 spell levels left.
You didn't know any spells.
Your spell library contained the following spells:

 Spells                   Type           Power      Damage    Failure   Level
 Ensorcelled Hibernation  Hex/Ice        0%         N/A       63%         2
 Passwall                 Erth           0%         N/A       85%         3
 Swiftness                Air            0%         N/A       85%         3


Dungeon Overview and Level Annotations

Branches:
Dungeon (5/15)             Temple (1/1) D:5

Altars:
Ashenzari
Dithmenos
Fedhas
Kikubaaqudgha
Nemelex Xobeh
Okawaru
Qazlal
Uskayaw
Vehumet
Wu Jian
Xom
Yredelemnul

Shops:
D:3 !   D:4 [

Annotations:
D:5 Blork the orc


Innate Abilities, Weirdness & Mutations

You have a pair of horns on your head.
You reflexively headbutt those who attack you in melee.


Message History

You are covered in liquid fire!
You hit the sleepcap but do no damage. You headbutt the sleepcap.
The sleepcap is lightly damaged.
The liquid fire burns you! The sleepcap releases spores at you.
You hit the sleepcap.
The sleepcap is moderately damaged.
The liquid fire burns you!
The bombardier beetle barely misses you.
You furiously retaliate!
You headbutt the bombardier beetle! The sleepcap releases spores at you!
You hit the bombardier beetle but do no damage.
The bombardier beetle is severely wounded.
The liquid fire burns you! The sleepcap closely misses you.
The bombardier beetle bites you but does no damage.
Unknown command.
You sock the bombardier beetle!
You kill the bombardier beetle!
Qazlal accepts your kill. The liquid fire burns you!
The sleepcap releases spores at you.
You hit the sleepcap.
The sleepcap is heavily damaged.
The liquid fire burns you! The sleepcap barely misses you.
You hit the sleepcap but do no damage.
The sleepcap is heavily damaged.
The liquid fire burns you! The sleepcap releases spores at you.
You are engulfed in a cloud of soporific spores!
You fall asleep.
The sleepcap releases spores at you!
You wake up.
* * * LOW HITPOINT WARNING * * *
You are engulfed in a cloud of soporific spores!
You are unaffected.
You hit the sleepcap but do no damage. You headbutt the sleepcap!
The sleepcap is almost destroyed.
The liquid fire burns you!
You die...

# #### ## ...# .# ...#
## ...##.. ##
####†...... .###
####.#@....... ..<## ###
#.#...f#...... #...#
#.###.........#..#
..#####.##.....##......#
..##.#........## ..##.#
.......#......## ..# #
#....###.........###
#...####..........
#....##............


You could see a sleepcap.

Vanquished Creatures
  A bullfrog (D:4)
  3 scorpions
  A hound (D:4)
  A bombardier beetle (D:4)
  An orc priest (D:4)
  An iguana (D:5)
  A sleepcap (D:3)
  4 adders
  3 dart slugs
  4 ribbon worms
  5 orcs
  2 ball pythons
  7 endoplasms
  A giant cockroach (D:3)
  7 goblins
  8 hobgoblins
  4 jackals (D:3)
  2 quokkas
  2 bats
  2 frilled lizards (D:3)
  7 kobolds
  A rat (D:3)
68 creatures vanquished.

Notes
Turn   | Place    | Note
-------+----------+-------------------------------------------
     0 | D:5      | dialectric the Minotaur Delver began the quest for the Orb.
     0 | D:5      | Reached XP level 1. HP: 19/19 MP: 0/0
    10 | D:5      | Found a staircase to the Ecumenical Temple.
    13 | D:5      | Identified the +1 robe of Fortification {-Tele rC+++ Str+4
                  | Int-2}
    24 | D:5      | Reached XP level 2. HP: 16/27 MP: 1/1
    68 | Temple   | Entered the Ecumenical Temple
    86 | Temple   | Became a worshipper of Qazlal Stormbringer
   101 | D:5      | Found a sparkling altar of Nemelex Xobeh.
   103 | D:5      | Noticed an ogre
   128 | D:5      | Reached skill level 4 in Fighting
   128 | D:5      | Reached skill level 1 in Armour
   128 | D:5      | Reached XP level 3. HP: 33/33 MP: 2/2
   229 | D:5      | Noticed a scorpion
   234 | D:5      | Killed a scorpion
   235 | D:5      | Reached XP level 4. HP: 19/41 MP: 3/3
   354 | D:5      | Found an ancient bone altar of Kikubaaqudgha.
   354 | D:5      | Noticed a black bear
   355 | D:5      | Noticed Blork the orc
   355 | D:5      | Noticed a bullfrog
   371 | D:4      | Killed a bullfrog
   372 | D:4      | Reached XP level 5. HP: 36/47 MP: 4/4
   670 | D:2      | Found a broken altar of Ashenzari.
   787 | D:2      | Reached * piety under Qazlal
  1034 | D:2      | Reached skill level 5 in Fighting
  1613 | D:1      | Found a faded altar of an unknown god.
  1984 | D:3      | Found Leputih's Distillery.
  1990 | D:3      | Bought a potion of curing for 39 gold pieces
  1990 | D:3      | Bought a potion of heal wounds for 65 gold pieces
  2076 | D:3      | Found a blossoming altar of Fedhas.
  2592 | D:4      | Found Nufic's Armour Boutique.
  2611 | D:3      | Reached XP level 6. HP: 6/56 MP: 5/5
  2930 | D:4      | Reached ** piety under Qazlal
  3125 | D:4      | Found an iron altar of Okawaru.
  3352 | D:4      | Incinerated by a bombardier beetle

Illustrated notes

Levels and vault maps discovered:
D:1:      elethiomel_arrival_infinity_welcomes_careful_drivers, layout_basic,
          ebering_ecumenical_altar_petrified, serial_bayou_lake_a
D:2:      minmay_evil_eye, layout_rooms, basic_altar
D:3:      layout_loops_ring, mainiacjoe_overflow_brackets, serial_shops,
          nicolae_shop_pleasant_corner_grove
D:4:      layout_cave_pools, kennysheep_okawaru_gauntlet, nicolae_stop_n_shop_2
D:5:      layout_basic, mainiacjoe_overflow_small_starburst, demons_altar,
          mainiacjoe_overflow_cross_hatched, minmay_temple_entry_sparse_star,
          uniq_blork_the_orc
Temple:   hellmonk_temple_two_chambers

Skill      XL: |  1  2  3  4  5 |
---------------+----------------+-----
Fighting       | 4 5 |  5.5
Maces & Flails | 3 4 |  4.7
Armour         | 1 2 3 |  3.7
Dodging        | 3 4 |  4.8
Stealth        | |  4.2

Action                     |  1- 3 |  4- 6 || total
---------------------------+-------+-------++-------
  Melee: Mace              |    12 |   155 ||   167
         Headbutt          |     1 |    32 ||    33
    Use: Scroll            |       |     1 ||     1
         Potion            |       |     1 ||     1
   Stab: Sleeping          |     1 |     5 ||     6
 Armour: Leather armour    |     8 |   112 ||   120
  Dodge: Dodged            |     4 |   111 ||   115
  Block: Other             |       |     9 ||     9

Table legend: (Time is in decaauts)
 A = Elapsed time spent in this place.
 B = Non-inter-level travel time spent in this place.
 C = Inter-level travel time spent in this place.
 D = Time resting spent in this place.
 E = Time spent auto-exploring this place.
 F = Levels seen in this place.
 G = Mean time per level.
                   A        B        C        D        E       F      G
               +--------+--------+--------+--------+--------+-----+--------+
         Total |   3386 |   3182 |    204 |    256 |   2167 |   6 |  564.3 |
       Dungeon |   3360 |   3162 |    198 |    256 |   2167 |   5 |  672.0 |
        Temple |     25 |     19 |      6 |      0 |      0 |   1 |   25.0 |
               +--------+--------+--------+--------+--------+-----+--------+

Top non-repeatable levels by time:
     D:3: 926 daAuts
     D:2: 716 daAuts
     D:4: 713 daAuts
     D:1: 645 daAuts
     D:5: 357 daAuts
  Temple: 25 daAuts
